 Dungeon Crawl Stone Soup version 0.21.1-1-g345015f (webtiles) character file.

2815 theblackcape the Covert (level 9, -6/59 HPs)
             Began as a Vampire Enchanter on June 11, 2018.
             Was a Believer of Dithmenos.
             Mangled by a mummy (17 damage)
             ... in an ossuary.
             The game lasted 01:01:06 (8382 turns).

theblackcape the Covert (Vampire Enchanter)         Turns: 8382, Time: 01:01:07

Health: -6/59      AC: 11    Str:  8    XL:     9   Next: 44%
Magic:  14/14      EV: 14    Int: 23    God:    Dithmenos [**....]
Gold:   142        SH:  0    Dex: 16    Spells: 2/14 levels left

rFire    . . .     SeeInvis +   v - +2 dagger (venom)
rCold    + + +     Gourm    .   (no shield)
rNeg     + + +     Faith    .   A - +2 leather armour {rC+}
rPois    ∞         Spirit   .   (no helmet)
rElec    .         Reflect  .   D - +0 cloak
rCorr    .         Harm     .   (no gloves)
MR       .....                  (no boots)
Stlth    +++++++++.             f - amulet of regeneration
HPRegen  0.00/turn              y - +5 ring of intelligence
MPRegen  0.14/turn              p - +5 ring of protection

@: bloodless, non-regenerating, wreathed by umbra
A: fangs 3, see invisible, unbreathing
a: Bat Form, Shadow Step, Renounce Religion


You were in an ossuary.
You worshipped Dithmenos.
Dithmenos was pleased with you.
You were bloodless.

You visited 2 branches of the dungeon, and saw 9 of its levels.
You also visited: Ossuary.

You collected 287 gold pieces.
You spent 145 gold pieces at shops.

Inventory:

Hand Weapons
 v - a +2 dagger of venom (weapon)
 B - a +0 dagger of electrocution
Armour
 A - a +2 leather armour of cold resistance (worn)
 D - a +0 cloak (worn)
Magical Staves
 z - an uncursed staff of cold {unknown}
Jewellery
 f - an amulet of regeneration (around neck)
 n - an uncursed ring of protection from magic
 p - a +5 ring of protection (right hand)
 y - a +5 ring of intelligence (left hand)
Wands
 a - a wand of digging (12)
 q - a wand of iceblast (14)
 x - a wand of enslavement (7)
 E - a wand of polymorph (10)
 G - a wand of disintegration (15)
Scrolls
 e - 4 scrolls of remove curse
 g - 5 scrolls of identify
 h - 5 scrolls of teleportation {unknown}
 i - 3 scrolls of amnesia {unknown}
 k - a scroll of magic mapping {unknown}
 m - a scroll of fog {unknown}
 s - a scroll of blinking {unknown}
 t - 2 scrolls of fear {unknown}
 w - 2 scrolls of immolation {unknown}
 C - a scroll of enchant armour {unknown}
Potions
 b - 4 potions of flight
 d - 22 potions of blood
 j - a potion of berserk rage {unknown}
 l - a potion of brilliance {unknown}
 o - a potion of magic {unknown}
 r - 2 potions of curing {unknown}
 u - 2 potions of agility
 F - a potion of lignification {unknown}
Books
 c - a book of Maledictions

   Spells                             Type                      Level
   a - Corona                         Hexes                        1
   b - Ensorcelled Hibernation        Hexes/Ice                    2
   c - Confuse                        Hexes                        3
   d - Tukima's Dance                 Hexes                        3
   e - Dazzling Spray                 Conjuration/Hexes            3


   Skills:
 + Level 1.2 Fighting
 + Level 5.0 Short Blades
 + Level 2.5 Armour
 + Level 4.9 Dodging
 * Level 13.9 Stealth
 + Level 3.3 Spellcasting
 + Level 6.8 Hexes
 - Level 3.1 Ice Magic
 + Level 0.7 Invocations


You had 2 spell levels left.
You knew the following spells:

 Your Spells              Type           Power        Failure   Level  Hunger
a - Corona                Hex            #####..      1%          1    None
b - Ensorcelled Hibernat  Hex/Ice        ####..       3%          2    ##.....
c - Tukima's Dance        Hex            #####...     2%          3    ###....
d - Confuse               Hex            #####...     2%          3    ###....
e - Dazzling Spray        Conj/Hex       ###...       12%         3    ###....


Dungeon Overview and Level Annotations

Branches:
Dungeon (8/15)             Temple (1/1) D:4
   Lair: D:8-11

Altars:
Ashenzari
Cheibriados
Dithmenos
Elyvilon
Fedhas
Gozag
Kikubaaqudgha
Makhleb
Nemelex Xobeh
Okawaru
Qazlal
Ru
Sif Muna
Trog
Uskayaw
Vehumet
Wu Jian
Xom
Yredelemnul
The Shining One

Shops:
D:5 *


Innate Abilities, Weirdness & Mutations

You do not heal naturally.
You are immune to poison.
You have razor-sharp teeth.
You have supernaturally acute eyesight. (SInv)
You can survive without breathing.


Message History

There is an empty arch of ancient stone here.
Casting: Ensorcelled Hibernation
Confirm with . or Enter, or press ? or * to list all spells.
Aiming: Tukima's Dance
Press: ? - help, Shift-Dir - straight line, f - mummy
Aim: a mummy (not susceptible)
Okay, then.
You hit the kobold zombie.
The kobold zombie is moderately damaged.
The kobold zombie closely misses you.
You hit the kobold zombie.
The kobold zombie is severely damaged.
The hobgoblin zombie barely misses you. The mummy closely misses you.
You hit the mummy.
The mummy is lightly damaged.
The hobgoblin zombie closely misses you.
You barely miss the mummy.
The mummy is lightly damaged.
The mummy hits you!
You die...

#......#
#....#
#....#
#....#
#....#
#.MZ.#
#..MZ#
#.ZMM#
#..@.#
#.∩∩.#
######


You could see 4 mummies, a hobgoblin zombie and 2 kobold zombies.

Vanquished Creatures
  Duvessa (D:6)
  3 sky beasts
  4 ogres
  2 centaurs (D:6)
  2 bullfrogs
  A gnoll sergeant (D:7)
  A wyvern zombie (D:6)
  2 scorpions
  Dowan (D:6)
  5 killer bees (D:7)
  2 howler monkeys (D:7)
  3 crimson imps
  3 bullfrog zombies
  2 centaur zombies (D:6)
  A jelly (D:5)
  A hound (D:7)
  5 orc priests
  Crazy Yiuf (D:6)
  2 bullfrog skeletons
  Ijyb (D:3)
  2 iguanas
  5 worker ants
  Natasha (twice) (D:3)
  3 orc wizards
  2 hound zombies
  2 worker ant zombies
  6 gnolls (D:7)
  4 adders
  3 shadow imps
  3 oozes
  3 adder skeletons
  5 worms
  6 dart slugs
  3 leopard geckos
  34 orcs
  8 giant cockroaches
  6 hobgoblins
  15 jackals
  5 quokkas
  2 ball pythons
  A ball python skeleton (D:6)
  9 bats
  10 frilled lizards
  A gnoll zombie (Ossuary)
  8 goblins
  A hobgoblin zombie (Ossuary)
  10 kobolds
  A leopard gecko skeleton (D:6)
  A leopard gecko zombie (D:6)
  2 orc zombies (Ossuary)
  A quokka zombie (D:5)
  8 rats
215 creatures vanquished.

Vanquished Creatures (others)
  An orc wizard (D:6)
1 creature vanquished.

Grand Total: 216 creatures vanquished

Notes
Turn   | Place    | Note
-------+----------+-------------------------------------------
     0 | D:1      | theblackcape the Vampire Enchanter began the quest for the Orb.
     0 | D:1      | Reached XP level 1. HP: 13/13 MP: 3/3
   345 | D:1      | Reached XP level 2. HP: 19/19 MP: 3/5
   979 | D:1      | Reached XP level 3. HP: 23/24 MP: 6/6
  1315 | D:1      | HP: 1/24 [jackal (2)]
  1335 | D:1      | HP: 1/24 [jackal (1)]
  1410 | D:1      | Reached skill level 5 in Stealth
  1579 | D:2      | Learned a level 2 spell: Ensorcelled Hibernation
  1675 | D:2      | Found an ornate altar of the Wu Jian Council.
  1749 | D:2      | Found a white marble altar of Elyvilon.
  1832 | D:2      | Reached XP level 4. HP: 27/30 MP: 0/7
  2127 | D:2      | Found a shattered altar of Ashenzari.
  2127 | D:2      | Found a bloodstained altar of Trog.
  2251 | D:3      | Noticed a sky beast
  2254 | D:3      | Killed a sky beast
  2254 | D:3      | Reached skill level 6 in Stealth
  2254 | D:3      | Reached skill level 5 in Hexes
  2254 | D:3      | Reached skill level 1 in Ice Magic
  2254 | D:3      | Reached XP level 5. HP: 35/35 MP: 8/8
  2273 | D:3      | Found a radiant altar of Vehumet.
  2273 | D:3      | Found a blossoming altar of Fedhas.
  2480 | D:3      | Noticed Ijyb
  2494 | D:3      | Killed Ijyb
  2693 | D:3      | Noticed Natasha
  2698 | D:3      | Killed Natasha
  2740 | D:3      | Reached skill level 7 in Stealth
  2887 | D:4      | Noticed an ogre
  3032 | D:3      | Noticed Natasha
  3039 | D:3      | Killed Natasha
  3039 | D:3      | Reached XP level 6. HP: 41/41 MP: 6/9
  3086 | D:4      | Found a staircase to the Ecumenical Temple.
  3161 | Temple   | Entered the Ecumenical Temple
  3175 | Temple   | Became a worshipper of Dithmenos the Shadowed
  3258 | D:4      | Reached skill level 8 in Stealth
  3567 | D:4      | Reached XP level 7. HP: 44/46 MP: 2/10
  3853 | D:5      | Entered Level 5 of the Dungeon
  3987 | D:5      | Reached skill level 9 in Stealth
  4054 | D:5      | Reached * piety under Dithmenos
  4060 | D:5      | Reached skill level 1 in Armour
  4177 | D:5      | Found Dueblyull's Assorted Antiques.
  4181 | D:5      | Bought a glowing dagger for 145 gold pieces
  4302 | D:5      | Learned a level 3 spell: Tukima's Dance
  4306 | D:5      | Learned a level 3 spell: Confuse
  4337 | D:5      | You fall through a shaft!
  4354 | D:5      | Found a stormy altar of Qazlal.
  4461 | D:5      | Reached skill level 10 in Stealth
  4534 | D:5      | Reached XP level 8. HP: 52/52 MP: 11/11
  5008 | D:6      | Reached skill level 11 in Stealth
  5556 | D:6      | Noticed Duvessa
  6154 | D:6      | Noticed Dowan
  6170 | D:6      | Killed Dowan
  6198 | D:6      | Reached skill level 12 in Stealth
  6265 | D:6      | Reached ** piety under Dithmenos
  6672 | D:5      | Reached skill level 1 in Fighting
  6950 | D:6      | Killed Duvessa
  6950 | D:6      | Reached XP level 9. HP: 59/59 MP: 10/13
  7072 | D:6      | Found a runed door.
  7210 | D:6      | Noticed Crazy Yiuf
  7214 | D:6      | Killed Crazy Yiuf
  7278 | D:7      | Reached skill level 5 in Short Blades
  7433 | D:7      | Reached skill level 13 in Stealth
  7444 | D:7      | Learned a level 3 spell: Dazzling Spray
  7660 | D:7      | Got a smoking robe
  8330 | D:8      | Found a sand-covered staircase.
  8339 | Ossuary  | Entered an ossuary
  8382 | Ossuary  | Mangled by a mummy

Skill      XL: |  1  2  3  4  5  6  7  8  9 |
---------------+----------------------------+-----
Stealth        | 5 6 7 8 10 12 13 | 13.9
Dodging        | 3 4 |  4.9
Short Blades   | 2 3 4 5 |  5.0
Hexes          | 5 6 |  6.8
Ice Magic      | 1 2 3 |  3.1
Armour         | 1 2 |  2.5
Fighting       | 1 |  1.2
Spellcasting   | 3 |  3.3
Invocations    | |  0.7

Action                   |  1- 3 |  4- 6 |  7- 9 || total
-------------------------+-------+-------+-------++-------
Melee: Dagger            |   198 |   125 |   399 ||   722
       Bite              |    23 |     5 |    41 ||    69
       Unarmed           |    77 |       |       ||    77
 Cast: Corona            |    13 |     3 |     4 ||    20
       Ensorcelled Hiber |    11 |    38 |    87 ||   136
Invok: Shadow Step       |       |       |     2 ||     2
 Abil: End Transformatio |     1 |       |       ||     1
       Bat Form          |     1 |       |       ||     1
  Use: Potion            |     4 |     4 |     3 ||    11
       Scroll            |       |     3 |       ||     3
 Stab: Sleeping          |    18 |    38 |    80 ||   136
Armor: Robe              |    50 |       |       ||    50
       Leather armour    |       |    15 |   123 ||   138
Dodge: Dodged            |   360 |    56 |   389 ||   805
